Map: 2000 Atmospheres LE

Players

Nice

  • Race: Protoss Protoss

Ryung - Winner!

  • Race: Terran Terran

Event: IEM Katowice 2022

VOD

https://youtu.be/OKbqnuVH7-g

Description

Time

  • Played on: Feb. 23, 2022, 3:33 p.m.
  • Length: 18:32

All games in this series

Show
View Real Time Build Order
Export as new Build Order

Nice Protoss 

Build Orders: 1 Gate Expand, Oracle Opening, Carriers 

Get SALT Encoding   

  12  0:00  Probe  
  13  0:12  Probe  
  14  0:18  Pylon  
  14  0:24  Probe (Chrono Boost)  
  15  0:37  Gateway  
  15  0:38  Probe (Chrono Boost)  
  16  0:44  Probe (Chrono Boost)  
  16  0:46  Assimilator  
  17  0:52  Probe  
  18  1:04  Probe  
  19  1:16  Probe  
  20  1:23  Cybernetics Core  
  20  1:32  Nexus  
  20  1:37  Pylon  
  20  1:43  Assimilator  
  20  1:45  Probe  
  21  1:57  Probe, Adept (Chrono Boost)  
  24  2:02  Warp Gate  
  24  2:09  Probe  
  24  2:10  Shield Battery  
  25  2:17  Stalker (Chrono Boost)  
  25  2:22  Probe  
  28  2:34  Probe  
  28  2:35  Twilight Council  
  29  2:43  Probe  
  30  2:47  Stargate  
  30  2:48  Probe  
  31  2:55  Probe, Adept (Chrono Boost)  
  34  3:00  Probe  
  35  3:08  Probe  
  36  3:12  Probe  
  37  3:20  Probe  
  37  3:22  Adept (Chrono Boost)  
  37  3:25  Probe  
  41  3:32  Probe  
  42  3:34  Oracle (Chrono Boost)  
  42  3:38  Probe  
  46  3:42  Pylon  
  46  3:56  Probe x2  
  46  4:01  Oracle (Chrono Boost)  
  44  4:07  Gateway  
  44  4:08  Probe x2  
  44  4:09  Gateway  
  49  4:12  Pylon  
  49  4:17  Pylon, Assimilator  
  49  4:19  Pylon  
  49  4:20  Probe x2  
  51  4:32  Probe x2, Assimilator  
  53  4:40  Adept  
  53  4:44  Probe (Chrono Boost)  
  57  4:47  Nexus  
  57  4:49  Forge  
  57  4:50  Probe (Chrono Boost)  
  57  4:53  Twilight Council  
  57  4:54  Probe (Chrono Boost)  
  57  4:58  Probe (Chrono Boost)  
  59  5:00  Probe  
  60  5:08  Probe  
  60  5:10  Protoss Ground Weapons Level 1 (Chrono Boost)  
  60  5:12  Probe  
  62  5:19  Robotics Facility  
  62  5:20  Probe  
  63  5:24  Probe  
  64  5:29  Blink (Chrono Boost)  
  64  5:32  Probe  
  59  5:37  Probe  
  59  5:38  Gateway  
  59  5:39  Gateway  
  59  5:42  Gateway, Sentry  
  60  5:43  Sentry x2  
  60  5:48  Shield Battery  
  60  5:49  Probe x2  
  68  5:57  Shield Battery  
  68  6:01  Probe x2  
  68  6:03  Probe  
  71  6:07  Sentry x2, Stalker  
  71  6:10  Photon Cannon, Observer  
  78  6:13  Probe  
  78  6:14  Probe  
  78  6:15  Probe  
  78  6:16  Pylon  
  81  6:21  Void Ray  
  81  6:25  Probe  
  81  6:31  Shield Battery  
  86  6:33  Pylon  
  86  6:35  Stalker  
  86  6:36  Stalker x2  
  92  6:43  Probe  
  92  6:44  Probe  
  92  6:45  Stalker x2  
  92  6:46  Stalker  
  100  6:55  Assimilator  
  100  6:57  Pylon, Assimilator  
  100  6:59  Pylon  
  100  7:01  Probe x3  
  102  7:04  Observer  
  102  7:05  Pylon  
  104  7:08  Robotics Bay  
  104  7:10  Photon Cannon  
  104  7:16  Protoss Ground Weapons Level 2 (Chrono Boost)  
  104  7:22  Zealot x2  
  108  7:30  Stalker x3  
  114  7:37  Pylon, Charge  
  114  7:45  Stalker x2  
  114  7:46  Stalker  
  120  7:55  Colossus (Chrono Boost)  
  126  8:00  Zealot x3  
  130  8:10  Zealot x3  
  134  8:24  Stalker  
  134  8:25  Stalker x2  
  106  8:48  Stalker x3  
  106  8:49  Stalker  
  106  8:53  Stalker x2  
  98  9:13  Stalker x4  
  98  9:19  Extended Thermal Lance (Chrono Boost), Observer  
  98  9:20  Robotics Facility  
  98  9:21  Zealot x2  
  98  9:24  Robotics Facility  
  102  9:26  Pylon  
  102  9:28  Gateway, Pylon  
  102  9:31  Gateway  
  102  9:32  Gateway  
  102  9:36  Fleet Beacon, Zealot  
  102  9:37  Zealot x3  
  110  9:41  Protoss Ground Weapons Level 3 (Chrono Boost)  
  110  9:47  Protoss Air Weapons Level 1  
  110  9:48  Pylon  
  110  9:49  Pylon  
  110  9:51  Sentry  
  110  9:52  Sentry  
  112  9:59  Sentry  
  112  10:00  Zealot x3, Observer  
  112  10:03  Colossus (Chrono Boost)  
  124  10:15  Zealot x2  
  126  10:22  Disruptor (Chrono Boost)  
  126  10:26  Carrier (Chrono Boost)  
  135  10:35  Zealot x9  
  153  10:50  Disruptor (Chrono Boost)  
  157  10:58  Disruptor (Chrono Boost)  
  157  11:01  Zealot x6  
  165  11:07  Observer  
  141  11:22  Disruptor  
  141  11:24  Observer  
  140  11:26  Carrier (Chrono Boost)  
  140  11:30  Stargate  
  146  11:43  Disruptor  
  149  11:49  Stargate  
  149  11:53  Nexus  
  149  11:56  Pylon  
  149  11:57  Probe x3  
  152  12:02  Observer  
  152  12:03  Gravitic Boosters  
  152  12:07  Protoss Air Weapons Level 2  
  152  12:08  Zealot x2  
  157  12:09  Probe  
  157  12:12  Carrier (Chrono Boost)  
  160  12:17  Probe  
  160  12:18  Shield Battery  
  159  12:27  Carrier (Chrono Boost)  
  159  12:29  Observer  
  159  12:31  Observer  
  165  12:49  Probe x2  
  165  12:54  Probe  
  164  13:01  Pylon, Probe  
  164  13:05  Observer (Chrono Boost)  
  169  13:06  Pylon  
  169  13:07  Pylon, Observer (Chrono Boost)  
  169  13:11  Carrier  
  169  13:12  Carrier  
  179  13:17  Assimilator  
  179  13:20  Probe x2  
  179  13:21  Probe, Assimilator  
  179  13:23  Zealot x3  
  188  13:34  Zealot x4  
  185  13:44  Stalker x3  
  185  13:45  Stalker  
  185  13:46  Carrier  
  195  13:53  Zealot  
  195  13:57  Protoss Ground Armor Level 1 (Chrono Boost)  
  195  13:59  Pylon  
  195  14:00  Photon Cannon  
  195  14:01  Photon Cannon  
  195  14:03  Shield Battery  
  187  14:28  Zealot x6  
  199  14:43  Pylon  
  199  14:44  Nexus  
  199  14:59  Protoss Air Weapons Level 3  
  189  15:05  Zealot x4  
  189  15:06  Zealot x2  
  185  15:11  Disruptor (Chrono Boost)  
  165  15:22  Observer  
  165  15:28  Templar Archives  
  157  15:30  Stalker x2  
  157  15:31  Stalker x2  
  158  15:39  Disruptor (Chrono Boost)  
  161  15:46  Dark Shrine  
  161  15:47  Psionic Storm  
  161  15:57  Stalker x2  
  163  16:02  Stalker  
  167  16:15  Warp Prism (Chrono Boost)  
  169  16:19  Disruptor (Chrono Boost)  
  169  16:24  High Templar x3  
  178  16:26  High Templar  
  179  16:36  Gravitic Drive (Chrono Boost)  
  179  16:41  High Templar x4  
  179  16:42  Stalker  
  179  16:45  Pylon, Archon x2  
  189  16:57  Disruptor x2  
  195  17:06  Observer  
  194  17:12  Nexus  
  194  17:14  Stalker x3  
  194  17:24  Shield Battery  
  117  18:05  Zealot x4  
  117  18:06  Zealot x5  
Show
View Real Time Build Order
Export as new Build Order

Ryung Terran - Winner!

Build Orders:  

Get SALT Encoding   

  12  0:00  SCV  
  13  0:12  SCV  
  14  0:16  Supply Depot  
  14  0:24  SCV  
  15  0:38  SCV  
  15  0:39  Barracks  
  16  0:43  Refinery  
  16  0:50  SCV  
  17  1:02  SCV  
  18  1:14  SCV  
  19  1:26  Marine, Orbital Command  
  20  1:42  Command Center  
  20  1:50  Barracks Reactor  
  20  1:52  SCV  
  21  2:00  Supply Depot  
  21  2:04  SCV  
  22  2:12  Factory  
  22  2:16  SCV  
  23  2:25  Marine x2  
  23  2:28  SCV  
  26  2:30  Barracks  
  26  2:38  Refinery  
  26  2:40  SCV  
  26  2:43  Marine x2  
  28  2:53  SCV  
  28  2:54  Orbital Command  
  28  2:56  Factory Tech Lab  
  29  3:01  Marine x2  
  32  3:05  SCV  
  32  3:14  Cyclone  
  32  3:18  SCV, Barracks Tech Lab  
  36  3:20  Marine  
  37  3:27  SCV  
  37  3:30  SCV  
  38  3:38  Marine x3  
  38  3:39  Stimpack  
  38  3:40  SCV  
  41  3:49  SCV  
  41  3:52  SCV  
  41  3:54  Barracks  
  43  4:01  SCV  
  44  4:04  SCV  
  44  4:05  Supply Depot, Engineering Bay  
  45  4:13  SCV  
  45  4:14  Supply Depot  
  46  4:21  Bunker  
  46  4:26  SCV, Marine x2  
  49  4:32  Terran Infantry Weapons Level 1  
  49  4:34  SCV  
  49  4:38  SCV, Starport  
  50  4:43  Combat Shield  
  50  4:45  Factory Reactor, Marine  
  51  4:46  Marine x3  
  51  4:52  SCV x2  
  57  4:55  Refinery  
  57  4:57  Supply Depot  
  57  5:04  SCV x2  
  57  5:05  Marine x3  
  62  5:11  Supply Depot  
  62  5:19  SCV x2, Marine  
  65  5:21  Supply Depot  
  65  5:22  Supply Depot  
  65  5:23  Marine x3, Concussive Shells  
  66  5:29  Medivac  
  66  5:32  SCV x2  
  66  5:34  Medivac  
  70  5:39  Marauder  
  70  5:41  Marauder  
  74  5:43  Factory Reactor  
  74  5:44  SCV x2  
  76  5:50  Missile Turret  
  76  5:55  Missile Turret, Marine  
  76  5:56  Marine  
  78  6:00  Marine  
  78  6:02  Marine, Medivac  
  78  6:04  Supply Depot, Medivac  
  84  6:06  Supply Depot  
  84  6:14  Marine  
  84  6:15  Marine  
  84  6:18  Marine  
  86  6:20  Marine  
  86  6:21  Widow Mine x2  
  92  6:29  Command Center  
  91  6:34  Marine x2  
  91  6:36  Marauder, Medivac  
  91  6:38  Marauder, Terran Infantry Armor Level 1  
  99  6:43  SCV x2  
  99  6:46  Refinery  
  101  6:47  Medivac  
  101  6:52  Supply Depot  
  101  6:53  Supply Depot  
  103  6:54  Widow Mine  
  103  6:56  Widow Mine, SCV  
  103  6:57  SCV  
  109  7:10  Barracks  
  109  7:11  Marine  
  109  7:13  Marine  
  111  7:16  Barracks  
  111  7:17  Marauder x2  
  111  7:21  Widow Mine  
  111  7:22  Widow Mine  
  119  7:28  SCV x2  
  121  7:32  Supply Depot  
  121  7:35  Supply Depot  
  121  7:41  Marauder  
  121  7:43  Widow Mine x2  
  121  7:44  SCV x2  
  129  7:50  Marine x2  
  133  7:51  Marauder  
  133  7:56  SCV  
  133  8:10  Barracks Reactor, Barracks Tech Lab, Marauder, Marine x2  
  140  8:13  Widow Mine x2  
  139  8:22  SCV x2, Orbital Command  
  139  8:25  Ghost Academy  
  135  8:28  Marauder  
  135  8:31  Marauder  
  135  8:34  SCV x2  
  136  8:36  Marine, Marauder  
  136  8:37  Widow Mine  
  139  8:46  SCV x2  
  139  8:48  SCV  
  139  8:49  Marauder  
  139  8:52  Marine x2  
  139  8:53  Marauder  
  141  8:57  Marauder  
  136  9:04  Marine  
  136  9:08  Marine  
  119  9:10  Marine  
  119  9:15  Marine  
  119  9:16  SCV x3  
  122  9:17  Widow Mine x2  
  122  9:20  Ghost x3, Enhanced Shockwaves  
  124  9:27  Armory, Marine x2  
  124  9:29  Supply Depot  
  124  9:30  Medivac x2  
  130  9:34  Refinery, Engineering Bay  
  130  9:35  SCV x2, Refinery  
  130  9:36  SCV  
  130  9:37  Marine x2  
  135  9:40  Widow Mine  
  135  9:41  Widow Mine  
  139  9:47  Marine x2  
  139  9:52  Ghost x3  
  146  10:01  Viking x2  
  146  10:04  Widow Mine x2  
  154  10:10  Marine x3  
  154  10:11  Marine  
  155  10:16  Terran Infantry Weapons Level 2  
  153  10:23  Ghost  
  153  10:24  Command Center  
  155  10:30  Supply Depot  
  155  10:44  Ghost  
  155  10:45  Marine x3  
  155  10:48  Widow Mine x2  
  164  10:55  Viking x2, Marauder x2  
  170  10:58  Marine  
  170  10:59  Orbital Command  
  170  11:03  Marine x2  
  149  11:11  Marine  
  149  11:14  Marauder  
  149  11:15  Marine  
  149  11:16  Marauder  
  142  11:21  SCV x2  
  142  11:25  Viking x2  
  145  11:29  Terran Infantry Armor Level 2  
  145  11:30  SCV  
  148  11:33  SCV  
  148  11:34  Marauder  
  148  11:35  Marauder  
  151  11:40  Terran Ship Weapons Level 1  
  149  11:53  SCV  
  149  11:54  SCV x2  
  152  11:55  Viking x2  
  152  11:59  Sensor Tower  
  156  12:06  SCV x3  
  159  12:11  Planetary Fortress  
  159  12:18  SCV x3  
  159  12:22  Bunker  
  161  12:24  Marauder x2  
  165  12:30  SCV x3  
  165  12:34  Viking x2  
  170  12:39  Marauder  
  170  12:41  Starport  
  170  12:42  SCV x2  
  174  12:48  SCV x2, Factory Reactor  
  176  12:54  SCV  
  177  13:00  Marauder x2  
  177  13:01  Marauder, Marine  
  177  13:02  Marine x3  
  187  13:09  Terran Infantry Weapons Level 3  
  187  13:13  Refinery  
  187  13:14  Refinery, Command Center  
  187  13:19  Marine  
  188  13:24  Supply Depot  
  188  13:26  Supply Depot  
  188  13:42  Liberator  
  188  13:45  Liberator  
  189  14:00  Liberator  
  189  14:01  Liberator  
  191  14:02  Fusion Core  
  191  14:04  Barracks x3, Terran Ship Weapons Level 2  
  191  14:07  Refinery, Marine x3  
  191  14:08  Marine  
  177  14:27  Liberator  
  177  14:28  Liberator  
  177  14:29  Marine x4, Marauder x3  
  183  14:35  Missile Turret x2  
  183  14:36  Missile Turret  
  176  14:46  Marine x2  
  176  14:47  Marine  
  176  14:48  Viking x2  
  176  14:52  Marine x2  
  172  15:05  Marine x2  
  152  15:10  Marine x4  
  152  15:11  Liberator  
  152  15:12  Liberator  
  152  15:13  Marine x2  
  144  15:14  Marine  
  144  15:16  Marine  
  134  15:23  Marine x2  
  134  15:28  Marine x4  
  136  15:31  Marine x2  
  136  15:32  Marine  
  136  15:34  Marine  
  138  15:42  Planetary Fortress  
  136  15:44  Orbital Command  
  136  15:45  SCV  
  136  15:48  Barracks Tech Lab x2  
  136  15:49  Ghost x2  
  140  15:50  SCV  
  140  15:54  Marine x2  
  144  15:57  SCV  
  144  16:02  SCV  
  146  16:06  Ghost  
  146  16:09  SCV  
  149  16:13  Liberator  
  149  16:16  SCV x2  
  154  16:21  SCV  
  155  16:27  Liberator  
  155  16:28  SCV x2  
  155  16:29  Marauder  
  155  16:31  Marauder  
  155  16:32  SCV  
  165  16:33  SCV  
  165  16:36  Marine x2  
  165  16:37  Marine  
  165  16:38  Marine  
  170  16:40  SCV x2  
  170  16:43  Liberator  
  175  16:50  SCV x2  
  175  16:52  SCV  
  178  16:55  Refinery  
  178  16:57  Widow Mine  
  178  17:00  Advanced Ballistics  
  180  17:05  SCV x3  
  180  17:07  Ghost  
  185  17:13  SCV  
  184  17:17  SCV x3  
  184  17:20  Liberator  
  185  17:25  SCV, Marine x4  
  185  17:26  Marine  
  185  17:49  Marine x5  
  185  17:50  Marine  
  168  17:54  Marine x4  
  156  18:07  Marine x4  
  156  18:08  Marauder  
  156  18:09  Marine  
  156  18:12  Marine x3  

Tags
 
Add a new tag
Caveats
  • Supply blocks, unpowered buildings, or Contaminate may cause inaccurate times.
  • Supply counts are checked every 10 seconds.